 Dungeon Crawl Stone Soup version 0.21.0 (webtiles) character file.

21 MovingMist the Unweaver (level 2, -1/24 HPs)
             Began as a Demonspawn Abyssal Knight on Jan 7, 2018.
             Was a Follower of Lugonu.
             Slain by a hobgoblin (2 damage)
             ... on level 3 of the Dungeon.
             The game lasted 00:02:34 (1135 turns).

MovingMist the Unweaver (Demonspawn Abyssal Knight) Turns: 1135, Time: 00:02:36

Health: -1/24      AC:  3    Str: 12    XL:     2   Next: 65%
Magic:  4/4        EV:  8    Int: 13    God:    Lugonu [*.....]
Gold:   68         SH:  6    Dex: 12    Spells: 1/1 levels left

rFire    + . .     SeeInvis .   a - +1 hand axe
rCold    . . .     Gourm    .   i - +0 shield
rNeg     . . .     Faith    .   b - +0 leather armour
rPois    .         Spirit   .   (no helmet)
rElec    .         Reflect  .   (no cloak)
rCorr    .         Harm     .   (no gloves)
MR       .....                  (no boots)
Stlth    +.........             (no amulet)
HPRegen  0.08/turn              e - ring of protection from fire
MPRegen  0.09/turn              (no ring)

@: no status effects
A: claws 1
a: Depart the Abyss, Renounce Religion


You were on level 3 of the Dungeon.
You worshipped Lugonu.
Lugonu was aware of your devotion.
You were hungry.

You visited 1 branch of the dungeon, and saw 3 of its levels.
You visited the Abyss 1 time.

You collected 68 gold pieces.

Inventory:

Hand Weapons
 a - a +1 hand axe (weapon)
Missiles
 p - 8 steel tomahawks (quivered)
Armour
 b - a +0 leather armour (worn)
 i - a +0 shield (worn)
Jewellery
 e - a ring of protection from fire (left claw)
Scrolls
 k - a scroll of random uselessness {unknown}
 l - a scroll of teleportation {unknown}
 m - a scroll of enchant weapon {unknown}
 n - a scroll of blinking {unknown}
Potions
 f - a potion of lignification
 h - a potion of haste
Comestibles
 c - 3 rations


   Skills:
 + Level 3.2 Fighting
 + Level 2.0 Axes
 - Level 1.7 Armour
 + Level 1.3 Dodging
 * Level 3.2 Invocations


You had one spell level left.
You didn't know any spells.

Dungeon Overview and Level Annotations

Branches:
Dungeon (2/15)

Altars:


Innate Abilities, Weirdness & Mutations

You have sharp fingernails.


Message History

You kill the hobgoblin!
Lugonu accepts your kill.
You hit the goblin. You hit the gnoll. The goblin hits you with a club.
The hobgoblin hits you but does no damage.
The gnoll completely misses you. The goblin hits you but does no damage.
The gnoll barely misses you. The hobgoblin barely misses you.
You closely miss the hobgoblin.
The hobgoblin is lightly wounded.
You hit the gnoll. You hit the goblin.
You kill the goblin!
Lugonu accepts your kill.
You closely miss the goblin.
The gnoll hits you from afar with a spear.
* * * LOW HITPOINT WARNING * * *
The goblin barely misses you.
The goblin shoots a stone.
The stone hits you but does no damage.
The goblin shoots a stone.
The stone hits you.
* * * LOW HITPOINT WARNING * * *
The gnoll hits you but does no damage. The hobgoblin hits you.
You die...

####### #++## ##.....#
....# ##......+ ....#
#.......#########g...##
#........(...g.#@g....#
+............ggg))....+
#.............r#.gg...#
#.......#########....##
##......+ ....#
##.....# ....# #######
#####


You could see 2 gnolls, a hobgoblin, 4 goblins and a rat.

Vanquished Creatures
  An ooze (D:2)
  A dart slug (D:1)
  A giant cockroach (D:1)
  3 goblins
  4 hobgoblins
  A bat (D:1)
  2 kobolds
  2 rats (D:1)
15 creatures vanquished.

Notes
Turn   | Place    | Note
-------+----------+-------------------------------------------
     0 | Abyss:1  | MovingMist the Demonspawn Abyssal Knight began the quest for the Orb.
     0 | Abyss:1  | Reached XP level 1. HP: 18/18 MP: 2/2
     6 | Abyss:1  | Found a corrupted altar of Lugonu.
   128 | Abyss:1  | Noticed a rakshasa
   129 | D:1      | Escaped the Abyss
   216 | D:1      | Reached skill level 1 in Dodging
   419 | D:1      | Gained mutation: You have sharp fingernails. [demonic ancestry]
   419 | D:1      | Reached XP level 2. HP: 11/24 MP: 2/4
   534 | D:1      | Reached * piety under Lugonu
  1121 | D:2      | You fall through a shaft!
  1135 | D:3      | HP: 1/24 [goblin/stone (5)]
  1135 | D:3      | Slain by a hobgoblin

Skill      XL: |  1  2 |
---------------+-------+-----
Dodging        | 1 |  1.3
Invocations    | 3 |  3.2
Axes           | 2 |  2.0
Fighting       | |  3.2
Armour         | |  1.7

Action                   || total
-------------------------++-------
Melee: Hand axe          ||    43
Invok: Depart the Abyss  ||     1
  Use: Scroll            ||     4
Armor: Leather armour    ||    16
Dodge: Dodged            ||    21
Block: Shield            ||    13
